Login

Syracuse Crunch vs Hartford Wolf Pack

Created - 12 March 2024 at 23:08

Goals
1 2 3 T
Syracuse Crunch 0 2 3 5
Hartford Wolf Pack 4 3 2 9
Shots
1 2 3 T
Syracuse Crunch 11 9 16 36
Hartford Wolf Pack 18 13 14 45

GoalsPenalties
1st period
1. Hartford Wolf Pack , Anton Blidh 4 (Mac Hollowell 1, Braden Schneider 3) at 2:01
2. Hartford Wolf Pack , Riley Nash 5 (Jake Leschyshyn 7, Anton Blidh 2) at 16:21
3. Hartford Wolf Pack , Anton Blidh 5 (Mac Hollowell 2, Bobby Trivigno 5) at 16:56
4. Hartford Wolf Pack , Will Cuylle 2 (Riley Nash 3, Jake Leschyshyn 8) at 19:55
No Penalty
2nd period
5. Hartford Wolf Pack , Anton Blidh 6 (Bobby Trivigno 6) at 14:53 (PP)
6. Hartford Wolf Pack , Riley Nash 6 (Mac Hollowell 3, Jake Leschyshyn 9) at 16:12
7. Syracuse Crunch , Brenden Miller 1 (Gabriel Fortier 3, Logan Brown 2) at 17:42 (PP)
8. Hartford Wolf Pack , Turner Elson 1 (Mac Hollowell 4) at 18:45
9. Syracuse Crunch , Simon Ryfors 1 (Declan Carlile 3, Luke Peressini) at 19:56
Alex Barre-Boulet (SYR) for Checking from behind (Minor) at 14:48
Will Cuylle (HAR) for Holding (Minor) at 16:33
3rd period
10. Syracuse Crunch , Gabriel Fortier 3 (Logan Brown 3, Declan Carlile 4) at 1:58 (PP)
11. Syracuse Crunch , Jaydon Dureau 1 (Simon Ryfors 1, Felix Robert 1) at 5:57
12. Hartford Wolf Pack , Karl Henriksson 1 (Turner Elson 2, Brandon Scanlin 3) at 6:09
13. Hartford Wolf Pack , Jake Leschyshyn 3 (Braden Schneider 4, Riley Nash 4) at 10:34 (PP)
14. Syracuse Crunch , Alex Barre-Boulet 2 (Cole Koepke 2, Declan Carlile 5) at 16:45
Will Cuylle (HAR) for Delaying the game (Minor) at 1:14
Alex Barre-Boulet (SYR) for Cross-checking (Minor) at 10:01
Goalie Stats
Hugo Alnefelt (SYR), 23 saves from 28 shots - (0.821), 33:46 minutes
Luke Peressini (SYR), 13 saves from 17 shots - (0.765), L, 0-2-0, 26:14 minutes
Dylan Garand (HAR), 31 saves from 36 shots - (0.861), W, 1-0-0, 60:00 minutes
3 StarsOfficial
1 - Anton Blidh (HAR)
2 - Riley Nash (HAR)
3 - Jake Leschyshyn (HAR)
Referees : Tim Mayer and Jim Curtin
Linesman : Jaime Alary and Brad Kovachik
Game Note
Luke Peressini enters game at 19:55 of 1st period
Anton Blidh has scored a Hat Trick!
Hugo Alnefelt enters game at 6:09 of 3rd period
Finance
Level 1 -- Attendance: 1723 (86.15%) -- Ticket Income $60,305
Level 2 -- Attendance: 989 (98.90%) -- Ticket Income $14,835
Total Attendance: 2712 (90.40%)
Total Ticket Income: $75,140
Other Income: $36,819
Total Income: $111,959



Team Name Goals Shots Shots Attemp Shots Blocked PIM HIT PP PK FO%
Syracuse Crunch 53665174202 / 2 (100%)235%
Hartford Wolf Pack 9457894272 / 2 (100%)265%

Syracuse Crunch
Player Name POS G A P +/- PIM HIT SHT SB MP PP MP PP SHT PK MP PK SHT FO% FOT GA TA
Alex Barre-BouletC101-1425324:451:0100:00043% 3001
Brandon HickeyD000-1000012:480:0000:0000% 000
Brenden MillerD101-2012019:090:5010:0000% 000
Cole KoepkeLW011-1009122:061:0100:0000% 210
Declan CarlileD033-1012028:031:0300:3800% 001
Felix RobertC011100000:570:0000:0000% 000
Gabriel FortierLW112-1002117:560:5210:0000% 120
Gage GoncalvesC000-3028018:230:0000:00040% 1000
Ilya UsauC000000000:250:0000:2500% 300
Jack FinleyC000000003:280:0000:1300% 100
Jack ThompsonD000-2001319:090:5000:0000% 000
Jake MassieD000-1000312:480:0000:0000% 001
Jaydon DureauLW101-2001015:040:0000:0000% 201
Logan BrownC022-1032021:270:5210:38050% 1011
Lucas EdmondsRW000-1011122:061:0100:00033% 300
Mitchell ChaffeeRW000-1031117:260:5200:0000% 001
Sean DayD000-1060428:031:0300:3800% 002
Simon RyforsC112-2012015:170:0000:00017% 600
Hartford Wolf Pack
Player Name POS G A P +/- PIM HIT SHT SB MP PP MP PP SHT PK MP PK SHT FO% FOT GA TA
Adam EdstromC000000001:460:0000:0000% 000
Adam SykoraRW0001011116:520:0500:0000% 100
Anton BlidhLW3141075117:380:0510:460100% 120
Bobby TrivignoC0221011016:520:0500:00083% 1200
Braden SchneiderD0222059027:490:3300:5900% 001
Brandon ScanlinD0112000119:480:0500:5400% 000
Brett BerardRW0002020015:210:0000:0000% 000
Jake LeschyshynC1341014226:010:3311:53057% 4210
Karl HenrikssonC1012003115:210:0000:00067% 601
Lauri PajuniemiLW000-200017:590:0001:0700% 000
Mac HollowellD0442015127:490:3300:5900% 021
Matt RempeC000-202106:520:0000:00080% 500
Matthew RobertsonD0000010012:230:0000:0000% 000
Nikolas BrouillardD0000010012:230:0000:0000% 000
Riley NashRW2243008119:020:3300:0000% 000
Ryan JonesD0002040019:480:0500:5400% 001
Turner ElsonLW1122005015:210:0000:0000% 000
Will CuylleLW1013413019:000:3300:000100% 130

Syracuse Crunch

5 vs 5 Forward
Line #Left WingCenterRight WingPHYDFOFWanted %Time %Time Play
1Cole KoepkeAlex Barre-BouletLucas Edmonds1224037%21:05
2Gabriel FortierLogan BrownMitchell Chaffee1223030%17:31
3Jaydon DureauSimon RyforsGage Goncalves1222027%15:17
4Alex Barre-BouletGage GoncalvesLogan Brown122106%3:36
5 vs 5 Defense
Line #DefenseDefensePHYDFOFWanted %Time %Time Play
1Declan CarlileSean Day1224039%22:12
2Jack ThompsonBrenden Miller1223032%18:19
3Jake MassieBrandon Hickey1222022%12:48
4Declan CarlileSean Day122107%4:10
Power Play Forward
Line #Left WingCenterRight WingPHYDFOFWanted %Time %Time Play
1Cole KoepkeAlex Barre-BouletLucas Edmonds1226054%1:01
2Gabriel FortierLogan BrownMitchell Chaffee1224046%0:52
Power Play Defense
Line #DefenseDefensePHYDFOFWanted %Time %Time Play
1Declan CarlileSean Day1226056%1:03
2Jack ThompsonBrenden Miller1224044%0:50
Penalty Kill 4 Players Forward
Line #CenterWingPHYDFOFWanted %Time %Time Play
1Alex Barre-BouletLogan Brown12260100%0:38
2Cole KoepkeGabriel Fortier122400%0:00
Penalty Kill 4 Players Defense
Line #DefenseDefensePHYDFOFWanted %Time %Time Play
1Declan CarlileSean Day12260100%0:38
2Jack ThompsonBrenden Miller122400%0:00
Penalty Kill 3 Players
Line #WingPHYDFOFWanted %Time %Time PlayDefenseDefensePHYDFOFWanted %Time %Time Play
1Alex Barre-Boulet122600%0:00 Declan CarlileSean Day122600%0:00
2Logan Brown122400%0:00 Jack ThompsonBrenden Miller122400%0:00
4 vs 4 Forward
Line #CenterWingPHYDFOFWanted %Time %Time Play
1Alex Barre-BouletLogan Brown122600%0:00
2Cole KoepkeGabriel Fortier122400%0:00
4 vs 4 Defense
Line #DefensePHYDFOFWanted %Time %Time Play
1Declan CarlileSean Day122600%0:00
2Jack ThompsonBrenden Miller122400%0:00
Last Minutes Offensive
Left WingCenterRight WingDefenseDefense
Cole KoepkeAlex Barre-BouletLucas EdmondsDeclan CarlileSean Day
Last Minutes Defensive
Left WingCenterRight WingDefenseDefense
Cole KoepkeAlex Barre-BouletLucas EdmondsDeclan CarlileSean Day
Time
Total ForwardTotal DefenseLast Minutes OffensiveLast Minutes Defensive
60:00 60:00 0:000:00
Extra Forwards
Normal PowerPlayPenalty Kill
Jack Finley, Felix Robert, Ilya UsauJack Finley, Felix RobertIlya Usau
Extra Defensemen
Normal PowerPlayPenalty Kill
Jake Massie, Brandon Hickey, Jack ThompsonJake Massie, Brandon HickeyJack Thompson
Penalty Shots
Alex Barre-Boulet, Logan Brown, Cole Koepke, Gabriel Fortier, Simon Ryfors
Goalie
Hugo Alnefelt, Luke Peressini
Custom OT Lines Forwards
Alex Barre-Boulet, Logan Brown, Cole Koepke, Gabriel Fortier, Simon Ryfors, Gage Goncalves, Jack Finley, Lucas Edmonds, Felix Robert, Ilya Usau
Custom OT Lines Defensemen
Declan Carlile, Sean Day, Jack Thompson, Brenden Miller, Jake Massie
Scratches
Bennett MacArthur (Healthy)

Hartford Wolf Pack

5 vs 5 Forward
Line #Left WingCenterRight WingPHYDFOFWanted %Time %Time Play
1Will CuylleJake LeschyshynRiley Nash1224032%18:29
2Anton BlidhBobby TrivignoAdam Sykora1223029%16:47
3Turner ElsonKarl HenrikssonBrett Berard1222027%15:21
4Lauri PajuniemiMatt RempeJake Leschyshyn1221012%6:52
5 vs 5 Defense
Line #DefenseDefensePHYDFOFWanted %Time %Time Play
1Braden SchneiderMac Hollowell1224038%22:05
2Brandon ScanlinRyan Jones1223033%18:49
3Matthew RobertsonNikolas Brouillard1222022%12:23
4Braden SchneiderMac Hollowell122107%4:12
Power Play Forward
Line #Left WingCenterRight WingPHYDFOFWanted %Time %Time Play
1Will CuylleJake LeschyshynRiley Nash1226087%0:33
2Anton BlidhBobby TrivignoAdam Sykora1224013%0:05
Power Play Defense
Line #DefenseDefensePHYDFOFWanted %Time %Time Play
1Braden SchneiderMac Hollowell1226087%0:33
2Brandon ScanlinRyan Jones1224013%0:05
Penalty Kill 4 Players Forward
Line #CenterWingPHYDFOFWanted %Time %Time Play
1Jake LeschyshynWill Cuylle12260100%1:53
2Riley NashAnton Blidh122400%0:00
Penalty Kill 4 Players Defense
Line #DefenseDefensePHYDFOFWanted %Time %Time Play
1Braden SchneiderMac Hollowell1226052%0:59
2Brandon ScanlinRyan Jones1224048%0:54
Penalty Kill 3 Players
Line #WingPHYDFOFWanted %Time %Time PlayDefenseDefensePHYDFOFWanted %Time %Time Play
1Jake Leschyshyn122600%0:00 Braden SchneiderMac Hollowell122600%0:00
2Will Cuylle122400%0:00 Brandon ScanlinRyan Jones122400%0:00
4 vs 4 Forward
Line #CenterWingPHYDFOFWanted %Time %Time Play
1Jake LeschyshynWill Cuylle122600%0:00
2Riley NashAnton Blidh122400%0:00
4 vs 4 Defense
Line #DefensePHYDFOFWanted %Time %Time Play
1Braden SchneiderMac Hollowell122600%0:00
2Brandon ScanlinRyan Jones122400%0:00
Last Minutes Offensive
Left WingCenterRight WingDefenseDefense
Will CuylleJake LeschyshynRiley NashBraden SchneiderMac Hollowell
Last Minutes Defensive
Left WingCenterRight WingDefenseDefense
Will CuylleJake LeschyshynRiley NashBraden SchneiderMac Hollowell
Time
Total ForwardTotal DefenseLast Minutes OffensiveLast Minutes Defensive
60:00 60:00 0:000:00
Extra Forwards
Normal PowerPlayPenalty Kill
Adam Edstrom, Turner Elson, Lauri PajuniemiAdam Edstrom, Turner ElsonLauri Pajuniemi
Extra Defensemen
Normal PowerPlayPenalty Kill
Matthew Robertson, Nikolas Brouillard, Brandon ScanlinMatthew Robertson, Nikolas BrouillardBrandon Scanlin
Penalty Shots
Jake Leschyshyn, Will Cuylle, Riley Nash, Anton Blidh, Turner Elson
Goalie
Dylan Garand, Louis Domingue
Custom OT Lines Forwards
Jake Leschyshyn, Will Cuylle, Riley Nash, Anton Blidh, Turner Elson, Lauri Pajuniemi, Bobby Trivigno, Karl Henriksson, Matt Rempe, Adam Edstrom
Custom OT Lines Defensemen
Braden Schneider, Mac Hollowell, Brandon Scanlin, Ryan Jones, Matthew Robertson
Scratches
Ryder Korczak (Healthy), Connor Mackey (Bruised Right Foot Injury), Olof Lindbom (Healthy)


Play-by-Play

1st period


0:01 of 1st period - Jake Leschyshyn wins face-off versus Alex Barre-Boulet in neutral zone.
0:26 of 1st period - Anton Blidh is hit by Logan Brown and loses puck.
0:38 of 1st period - Icing by Mac Hollowell.
0:39 of 1st period - Bobby Trivigno wins face-off versus Simon Ryfors in Hartford Wolf Pack zone.
1:26 of 1st period - Slapshot by Mac Hollowell.
1:26 of 1st period - Stopped by Hugo Alnefelt with a rebound.
1:36 of 1st period - Jaydon Dureau is hit by Anton Blidh and loses puck.
1:59 of 1st period - Slapshot by Mac Hollowell.
1:59 of 1st period - Stopped by Hugo Alnefelt with a rebound.
2:01 of 1st period - Wrist shot by Anton Blidh.
2:01 of 1st period - Goal by Anton Blidh - Syracuse Crunch : 0 - Hartford Wolf Pack : 1.
2:02 of 1st period - Jake Leschyshyn wins face-off versus Alex Barre-Boulet in neutral zone.
2:32 of 1st period - Icing by Turner Elson.
2:33 of 1st period - Logan Brown wins face-off versus Karl Henriksson in Hartford Wolf Pack zone.
2:40 of 1st period - Wrist shot by Turner Elson.
2:40 of 1st period - Stopped by Hugo Alnefelt with a rebound.
2:56 of 1st period - Turner Elson is hit by Logan Brown and loses puck.
3:07 of 1st period - Wrist shot by Logan Brown.
3:07 of 1st period - Stopped by Dylan Garand without a rebound.
3:08 of 1st period - Jake Leschyshyn wins face-off versus Alex Barre-Boulet in Hartford Wolf Pack zone.
3:23 of 1st period - Wrist shot by Cole Koepke.
3:23 of 1st period - Stopped by Dylan Garand with a rebound.
3:38 of 1st period - Gage Goncalves is hit by Anton Blidh and loses puck.
4:13 of 1st period - Alex Barre-Boulet is hit by Braden Schneider and loses puck.
4:18 of 1st period - Slapshot by Braden Schneider.
4:18 of 1st period - Deflect By Turner Elson.
4:18 of 1st period - Shot Blocked by Alex Barre-Boulet.
4:18 of 1st period - Puck is out of play.
4:19 of 1st period - Jake Leschyshyn wins face-off versus Alex Barre-Boulet in Syracuse Crunch zone.
5:03 of 1st period - Snap shot by Gage Goncalves.
5:03 of 1st period - Stopped by Dylan Garand without a rebound.
5:04 of 1st period - Bobby Trivigno wins face-off versus Simon Ryfors in Hartford Wolf Pack zone.
5:09 of 1st period - Snap shot by Braden Schneider.
5:09 of 1st period - Stopped by Hugo Alnefelt without a rebound.
5:10 of 1st period - Alex Barre-Boulet wins face-off versus Jake Leschyshyn in Syracuse Crunch zone.
5:10 of 1st period - Alex Barre-Boulet is hit by Braden Schneider.
5:16 of 1st period - Snap shot by Cole Koepke.
5:16 of 1st period - Stopped by Dylan Garand with a rebound.
5:18 of 1st period - Slapshot by Cole Koepke.
5:18 of 1st period - Shot Misses the Net.
5:49 of 1st period - Wrist shot by Riley Nash.
5:49 of 1st period - Stopped by Hugo Alnefelt with a rebound.
6:33 of 1st period - Slapshot by Braden Schneider.
6:33 of 1st period - Stopped by Hugo Alnefelt without a rebound.
6:34 of 1st period - Matt Rempe wins face-off versus Simon Ryfors in Syracuse Crunch zone.
6:57 of 1st period - Anton Blidh is hit by Alex Barre-Boulet and loses puck.
7:26 of 1st period - Wrist shot by Gabriel Fortier.
7:26 of 1st period - Stopped by Dylan Garand with a rebound.
7:38 of 1st period - Snap shot by Riley Nash.
7:38 of 1st period - Deflect By Simon Ryfors.
7:38 of 1st period - Shot Misses the Net.
7:38 of 1st period - Puck is out of play.
7:39 of 1st period - Simon Ryfors wins face-off versus Jake Leschyshyn in Syracuse Crunch zone.
8:10 of 1st period - Icing by Anton Blidh.
8:11 of 1st period - Bobby Trivigno wins face-off versus Alex Barre-Boulet in Hartford Wolf Pack zone.
8:50 of 1st period - Riley Nash is hit by Mitchell Chaffee and loses puck.
9:09 of 1st period - Snap shot by Turner Elson.
9:09 of 1st period - Stopped by Hugo Alnefelt with a rebound.
9:23 of 1st period - Wrist shot by Cole Koepke.
9:23 of 1st period - Shot Misses the Net.
10:20 of 1st period - Icing by Matthew Robertson.
10:21 of 1st period - Matt Rempe wins face-off versus Gage Goncalves in Hartford Wolf Pack zone.
10:26 of 1st period - Snap shot by Jake Leschyshyn.
10:26 of 1st period - Deflect By Matt Rempe.
10:26 of 1st period - Stopped by Hugo Alnefelt without a rebound.
10:27 of 1st period - Matt Rempe wins face-off versus Gage Goncalves in Syracuse Crunch zone.
10:31 of 1st period - Icing by Sean Day.
10:32 of 1st period - Gage Goncalves wins face-off versus Jake Leschyshyn in Syracuse Crunch zone.
11:03 of 1st period - Backhand shot by Cole Koepke.
11:03 of 1st period - Shot Misses the Net.
11:51 of 1st period - Wrist shot by Logan Brown.
11:51 of 1st period - Shot Misses the Net.
12:52 of 1st period - Cole Koepke is hit by Brett Berard and loses puck.
13:10 of 1st period - Icing by Gabriel Fortier.
13:11 of 1st period - Bobby Trivigno wins face-off versus Logan Brown in Syracuse Crunch zone.
13:12 of 1st period - Slapshot by Mac Hollowell.
13:12 of 1st period - Shot Blocked by Gabriel Fortier.
13:14 of 1st period - Snap shot by Bobby Trivigno.
13:14 of 1st period - Stopped by Hugo Alnefelt with a rebound.
13:16 of 1st period - Snap shot by Braden Schneider.
13:16 of 1st period - Stopped by Hugo Alnefelt with a rebound.
13:18 of 1st period - Slapshot by Mac Hollowell.
13:18 of 1st period - Shot Blocked by Mitchell Chaffee.
13:20 of 1st period - Snap shot by Braden Schneider.
13:20 of 1st period - Stopped by Hugo Alnefelt without a rebound.
13:21 of 1st period - Alex Barre-Boulet wins face-off versus Bobby Trivigno in Syracuse Crunch zone.
13:44 of 1st period - Icing by Braden Schneider.
13:45 of 1st period - Bobby Trivigno wins face-off versus Simon Ryfors in Hartford Wolf Pack zone.
13:54 of 1st period - Slapshot by Mac Hollowell.
13:54 of 1st period - Shot Misses the Net.
14:14 of 1st period - Slapshot by Cole Koepke.
14:14 of 1st period - Stopped by Dylan Garand with a rebound.
14:16 of 1st period - Snap shot by Lucas Edmonds.
14:16 of 1st period - Shot Blocked by Karl Henriksson.
14:18 of 1st period - Wrist shot by Cole Koepke.
14:18 of 1st period - Stopped by Dylan Garand without a rebound.
14:19 of 1st period - Jake Leschyshyn wins face-off versus Alex Barre-Boulet in Hartford Wolf Pack zone.
14:34 of 1st period - Wrist shot by Jake Leschyshyn.
14:34 of 1st period - Stopped by Hugo Alnefelt with a rebound.
15:03 of 1st period - Mac Hollowell is hit by Simon Ryfors and loses puck.
15:27 of 1st period - Icing by Braden Schneider.
15:28 of 1st period - Alex Barre-Boulet wins face-off versus Matt Rempe in Hartford Wolf Pack zone.
15:29 of 1st period - Snap shot by Cole Koepke.
15:29 of 1st period - Stopped by Dylan Garand with a rebound.
15:55 of 1st period - Snap shot by Turner Elson.
15:55 of 1st period - Shot Misses the Net.
16:21 of 1st period - Wrist shot by Riley Nash.
16:21 of 1st period - Goal by Riley Nash - Syracuse Crunch : 0 - Hartford Wolf Pack : 2.
16:22 of 1st period - Jake Leschyshyn wins face-off versus Logan Brown in neutral zone.
16:56 of 1st period - Wrist shot by Anton Blidh.
16:56 of 1st period - Goal by Anton Blidh - Syracuse Crunch : 0 - Hartford Wolf Pack : 3.
16:57 of 1st period - Gage Goncalves wins face-off versus Jake Leschyshyn in neutral zone.
17:00 of 1st period - Will Cuylle is hit by Logan Brown.
17:05 of 1st period - Off-side.
17:06 of 1st period - Jake Leschyshyn wins face-off versus Gage Goncalves in neutral zone.
17:11 of 1st period - Snap shot by Braden Schneider.
17:11 of 1st period - Stopped by Hugo Alnefelt with a rebound.
17:41 of 1st period - Alex Barre-Boulet is hit by Will Cuylle.
17:42 of 1st period - Icing by Alex Barre-Boulet.
17:43 of 1st period - Bobby Trivigno wins face-off versus Gage Goncalves in Syracuse Crunch zone.
17:54 of 1st period - Snap shot by Alex Barre-Boulet.
17:54 of 1st period - Shot Misses the Net.
17:56 of 1st period - Slapshot by Declan Carlile.
17:56 of 1st period - Stopped by Dylan Garand with a rebound.
17:58 of 1st period - Slapshot by Declan Carlile.
17:58 of 1st period - Shot Misses the Net.
18:00 of 1st period - Snap shot by Logan Brown.
18:00 of 1st period - Shot Misses the Net.
18:08 of 1st period - Snap shot by Gage Goncalves.
18:08 of 1st period - Shot Blocked by Adam Sykora.
18:10 of 1st period - Snap shot by Gage Goncalves.
18:10 of 1st period - Stopped by Dylan Garand without a rebound.
18:11 of 1st period - Jake Leschyshyn wins face-off versus Jack Finley in Hartford Wolf Pack zone.
18:21 of 1st period - Wrist shot by Cole Koepke.
18:21 of 1st period - Shot Blocked by Mac Hollowell.
18:25 of 1st period - Snap shot by Cole Koepke.
18:25 of 1st period - Stopped by Dylan Garand with a rebound.
18:27 of 1st period - Slapshot by Jack Thompson.
18:27 of 1st period - Shot Misses the Net.
18:37 of 1st period - Logan Brown is hit by Braden Schneider and loses puck.
19:11 of 1st period - Mitchell Chaffee is hit by Anton Blidh and loses puck.
19:41 of 1st period - Off-side.
19:42 of 1st period - Jake Leschyshyn wins face-off versus Alex Barre-Boulet in neutral zone.
19:51 of 1st period - Snap shot by Riley Nash.
19:51 of 1st period - Stopped by Hugo Alnefelt with a rebound.
19:53 of 1st period - Slapshot by Will Cuylle.
19:53 of 1st period - Shot Misses the Net.
19:55 of 1st period - Snap shot by Will Cuylle.
19:55 of 1st period - Goal by Will Cuylle - Syracuse Crunch : 0 - Hartford Wolf Pack : 4.
19:55 of 1st period - Luke Peressini enters game.
19:56 of 1st period - Jake Leschyshyn wins face-off versus Alex Barre-Boulet in neutral zone.
Goals for this period are 0 for Syracuse Crunch vs 4 for Hartford Wolf Pack.
Shots for this period are 11 for Syracuse Crunch vs 18 for Hartford Wolf Pack.

2nd period


0:01 of 2nd period - Alex Barre-Boulet wins face-off versus Jake Leschyshyn in neutral zone.
0:08 of 2nd period - Snap shot by Alex Barre-Boulet.
0:08 of 2nd period - Stopped by Dylan Garand with a rebound.
0:10 of 2nd period - Slapshot by Declan Carlile.
0:10 of 2nd period - Stopped by Dylan Garand without a rebound.
0:11 of 2nd period - Will Cuylle wins face-off versus Cole Koepke in Hartford Wolf Pack zone.
0:38 of 2nd period - Sean Day is hit by Brett Berard.
0:58 of 2nd period - Slapshot by Cole Koepke.
0:58 of 2nd period - Stopped by Dylan Garand without a rebound.
0:59 of 2nd period - Jake Leschyshyn wins face-off versus Gabriel Fortier in Hartford Wolf Pack zone.
1:15 of 2nd period - Off-side.
1:16 of 2nd period - Bobby Trivigno wins face-off versus Jaydon Dureau in neutral zone.
1:48 of 2nd period - Wrist shot by Jake Leschyshyn.
1:48 of 2nd period - Stopped by Luke Peressini with a rebound.
1:50 of 2nd period - Slapshot by Braden Schneider.
1:50 of 2nd period - Stopped by Luke Peressini with a rebound.
1:54 of 2nd period - Slapshot by Riley Nash.
1:54 of 2nd period - Stopped by Luke Peressini without a rebound.
1:55 of 2nd period - Karl Henriksson wins face-off versus Alex Barre-Boulet in Syracuse Crunch zone.
1:56 of 2nd period - Slapshot by Turner Elson.
1:56 of 2nd period - Shot Misses the Net.
3:42 of 2nd period - Anton Blidh is hit by Sean Day and loses puck.
3:55 of 2nd period - Ryan Jones is hit by Mitchell Chaffee and loses puck.
4:38 of 2nd period - Braden Schneider is hit by Gage Goncalves and loses puck.
4:49 of 2nd period - Alex Barre-Boulet is hit by Braden Schneider and loses puck.
5:12 of 2nd period - Simon Ryfors is hit by Matt Rempe and loses puck.
6:46 of 2nd period - Logan Brown is hit by Ryan Jones and loses puck.
7:25 of 2nd period - Declan Carlile is hit by Matthew Robertson and loses puck.
7:40 of 2nd period - Sean Day is hit by Bobby Trivigno and loses puck.
8:01 of 2nd period - Logan Brown is hit by Matt Rempe and loses puck.
8:30 of 2nd period - Logan Brown is hit by Anton Blidh and loses puck.
8:39 of 2nd period - Snap shot by Logan Brown.
8:39 of 2nd period - Shot Blocked by Jake Leschyshyn.
8:55 of 2nd period - Backhand shot by Cole Koepke.
8:55 of 2nd period - Stopped by Dylan Garand with a rebound.
8:57 of 2nd period - Snap shot by Lucas Edmonds.
8:57 of 2nd period - Stopped by Dylan Garand with a rebound.
9:33 of 2nd period - Icing by Gage Goncalves.
9:34 of 2nd period - Karl Henriksson wins face-off versus Jaydon Dureau in Syracuse Crunch zone.
9:52 of 2nd period - Declan Carlile is hit by Ryan Jones and loses puck.
10:13 of 2nd period - Snap shot by Alex Barre-Boulet.
10:13 of 2nd period - Stopped by Dylan Garand with a rebound.
10:25 of 2nd period - Wrist shot by Jake Leschyshyn.
10:25 of 2nd period - Stopped by Luke Peressini with a rebound.
10:27 of 2nd period - Wrist shot by Riley Nash.
10:27 of 2nd period - Shot Misses the Net.
10:29 of 2nd period - Slapshot by Riley Nash.
10:29 of 2nd period - Stopped by Luke Peressini with a rebound.
10:31 of 2nd period - Snap shot by Nikolas Brouillard.
10:31 of 2nd period - Shot Blocked by Jake Massie.
10:59 of 2nd period - Logan Brown is hit by Adam Sykora and loses puck.
12:39 of 2nd period - Off-side.
12:40 of 2nd period - Matt Rempe wins face-off versus Gage Goncalves in neutral zone.
13:34 of 2nd period - Jack Thompson is hit by Ryan Jones and loses puck.
14:48 of 2nd period - Minor Penalty to Alex Barre-Boulet for Checking from behind.
14:49 of 2nd period - Bobby Trivigno wins face-off versus Ilya Usau in Syracuse Crunch zone.
14:49 of 2nd period - Snap shot by Anton Blidh.
14:49 of 2nd period - Deflect By Bobby Trivigno.
14:49 of 2nd period - Shot Misses the Net.
14:49 of 2nd period - Puck is out of play.
14:50 of 2nd period - Bobby Trivigno wins face-off versus Ilya Usau in Syracuse Crunch zone.
14:53 of 2nd period - Snap shot by Anton Blidh.
14:53 of 2nd period - Goal by Anton Blidh - Syracuse Crunch : 0 - Hartford Wolf Pack : 5.
14:54 of 2nd period - Alex Barre-Boulet wins face-off versus Jake Leschyshyn in neutral zone.
15:19 of 2nd period - Mac Hollowell is hit by Sean Day and loses puck.
15:49 of 2nd period - Brandon Scanlin is hit by Brenden Miller and loses puck.
16:02 of 2nd period - Snap shot by Riley Nash.
16:02 of 2nd period - Stopped by Luke Peressini without a rebound.
16:03 of 2nd period - Jake Leschyshyn wins face-off versus Alex Barre-Boulet in Syracuse Crunch zone.
16:06 of 2nd period - Snap shot by Jake Leschyshyn.
16:06 of 2nd period - Shot Blocked by Alex Barre-Boulet.
16:08 of 2nd period - Slapshot by Mac Hollowell.
16:08 of 2nd period - Shot Blocked by Jake Massie.
16:10 of 2nd period - Wrist shot by Riley Nash.
16:10 of 2nd period - Shot Blocked by Jake Massie.
16:12 of 2nd period - Wrist shot by Riley Nash.
16:12 of 2nd period - Goal by Riley Nash - Syracuse Crunch : 0 - Hartford Wolf Pack : 6.
16:13 of 2nd period - Alex Barre-Boulet wins face-off versus Jake Leschyshyn in neutral zone.
16:27 of 2nd period - Icing by Mac Hollowell.
16:28 of 2nd period - Gage Goncalves wins face-off versus Jake Leschyshyn in Hartford Wolf Pack zone.
16:29 of 2nd period - Wrist shot by Alex Barre-Boulet.
16:29 of 2nd period - Stopped by Dylan Garand without a rebound.
16:30 of 2nd period - Jake Leschyshyn wins face-off versus Alex Barre-Boulet in Hartford Wolf Pack zone.
16:30 of 2nd period - Jake Leschyshyn is hit by Lucas Edmonds.
16:33 of 2nd period - Minor Penalty to Will Cuylle for Holding.
16:34 of 2nd period - Jake Leschyshyn wins face-off versus Alex Barre-Boulet in Hartford Wolf Pack zone.
17:02 of 2nd period - Snap shot by Logan Brown.
17:02 of 2nd period - Deflect By Gabriel Fortier.
17:02 of 2nd period - Shot Blocked by Lauri Pajuniemi.
17:02 of 2nd period - Puck is out of play.
17:03 of 2nd period - Jake Leschyshyn wins face-off versus Logan Brown in Hartford Wolf Pack zone.
17:08 of 2nd period - Snap shot by Gabriel Fortier.
17:08 of 2nd period - Deflect By Mitchell Chaffee.
17:08 of 2nd period - Deflect By Ryan Jones.
17:08 of 2nd period - Shot Misses the Net.
17:08 of 2nd period - Puck is out of play.
17:09 of 2nd period - Lucas Edmonds wins face-off versus Jake Leschyshyn in Hartford Wolf Pack zone.
17:40 of 2nd period - Snap shot by Gabriel Fortier.
17:40 of 2nd period - Shot Hit the Post.
17:42 of 2nd period - Slapshot by Brenden Miller.
17:42 of 2nd period - Goal by Brenden Miller - Syracuse Crunch : 1 - Hartford Wolf Pack : 6.
17:43 of 2nd period - Anton Blidh wins face-off versus Lucas Edmonds in neutral zone.
18:10 of 2nd period - Mac Hollowell is hit by Sean Day and loses puck.
18:23 of 2nd period - Snap shot by Gabriel Fortier.
18:23 of 2nd period - Shot Blocked by Riley Nash.
18:43 of 2nd period - Slapshot by Turner Elson.
18:43 of 2nd period - Shot Misses the Net.
18:45 of 2nd period - Wrist shot by Turner Elson.
18:45 of 2nd period - Goal by Turner Elson - Syracuse Crunch : 1 - Hartford Wolf Pack : 7.
18:46 of 2nd period - Jake Leschyshyn wins face-off versus Alex Barre-Boulet in neutral zone.
19:18 of 2nd period - Backhand shot by Anton Blidh.
19:18 of 2nd period - Stopped by Luke Peressini with a rebound.
19:20 of 2nd period - Slapshot by Brandon Scanlin.
19:20 of 2nd period - Deflect By Anton Blidh.
19:20 of 2nd period - Stopped by Luke Peressini with a rebound.
19:42 of 2nd period - Snap shot by Karl Henriksson.
19:42 of 2nd period - Stopped by Luke Peressini with a rebound.
19:44 of 2nd period - Wrist shot by Brett Berard.
19:44 of 2nd period - Deflect By Turner Elson.
19:44 of 2nd period - Stopped by Luke Peressini with a rebound.
19:56 of 2nd period - Snap shot by Simon Ryfors.
19:56 of 2nd period - Goal by Simon Ryfors - Syracuse Crunch : 2 - Hartford Wolf Pack : 7.
19:57 of 2nd period - Alex Barre-Boulet wins face-off versus Jake Leschyshyn in neutral zone.
Goals for this period are 2 for Syracuse Crunch vs 3 for Hartford Wolf Pack.
Shots for this period are 9 for Syracuse Crunch vs 13 for Hartford Wolf Pack.

3rd period


0:01 of 3rd period - Jake Leschyshyn wins face-off versus Alex Barre-Boulet in neutral zone.
0:04 of 3rd period - Slapshot by Mac Hollowell.
0:04 of 3rd period - Deflect By Alex Barre-Boulet.
0:04 of 3rd period - Stopped by Luke Peressini with a rebound.
0:16 of 3rd period - Riley Nash is hit by Sean Day.
0:26 of 3rd period - Anton Blidh is hit by Sean Day and loses puck.
1:14 of 3rd period - Minor Penalty to Will Cuylle for Delaying the game.
1:15 of 3rd period - Jake Leschyshyn wins face-off versus Alex Barre-Boulet in Hartford Wolf Pack zone.
1:44 of 3rd period - Off-side.
1:45 of 3rd period - Logan Brown wins face-off versus Jake Leschyshyn in neutral zone.
1:52 of 3rd period - Snap shot by Logan Brown.
1:52 of 3rd period - Stopped by Dylan Garand with a rebound.
1:54 of 3rd period - Snap shot by Gabriel Fortier.
1:54 of 3rd period - Shot Hit the Post.
1:56 of 3rd period - Snap shot by Gabriel Fortier.
1:56 of 3rd period - Shot Blocked by Anton Blidh.
1:58 of 3rd period - Wrist shot by Gabriel Fortier.
1:58 of 3rd period - Goal by Gabriel Fortier - Syracuse Crunch : 3 - Hartford Wolf Pack : 7.
1:59 of 3rd period - Alex Barre-Boulet wins face-off versus Jake Leschyshyn in neutral zone.
3:32 of 3rd period - Jack Thompson is hit by Nikolas Brouillard and loses puck.
4:28 of 3rd period - Slapshot by Jake Leschyshyn.
4:28 of 3rd period - Shot Blocked by Sean Day.
4:30 of 3rd period - Snap shot by Jake Leschyshyn.
4:30 of 3rd period - Shot Blocked by Sean Day.
4:32 of 3rd period - Slapshot by Ryan Jones.
4:32 of 3rd period - Shot Blocked by Sean Day.
4:46 of 3rd period - Gage Goncalves is hit by Ryan Jones and loses puck.
5:15 of 3rd period - Slapshot by Braden Schneider.
5:15 of 3rd period - Stopped by Luke Peressini with a rebound.
5:17 of 3rd period - Snap shot by Braden Schneider.
5:17 of 3rd period - Stopped by Luke Peressini with a rebound.
5:57 of 3rd period - Snap shot by Jaydon Dureau.
5:57 of 3rd period - Goal by Jaydon Dureau - Syracuse Crunch : 4 - Hartford Wolf Pack : 7.
5:58 of 3rd period - Logan Brown wins face-off versus Karl Henriksson in neutral zone.
6:09 of 3rd period - Wrist shot by Karl Henriksson.
6:09 of 3rd period - Goal by Karl Henriksson - Syracuse Crunch : 4 - Hartford Wolf Pack : 8.
6:09 of 3rd period - Hugo Alnefelt enters game.
6:10 of 3rd period - Alex Barre-Boulet wins face-off versus Jake Leschyshyn in neutral zone.
6:24 of 3rd period - Snap shot by Will Cuylle.
6:24 of 3rd period - Shot Misses the Net.
6:45 of 3rd period - Slapshot by Logan Brown.
6:45 of 3rd period - Shot Misses the Net.
6:47 of 3rd period - Snap shot by Declan Carlile.
6:47 of 3rd period - Shot Misses the Net.
6:57 of 3rd period - Wrist shot by Gage Goncalves.
6:57 of 3rd period - Stopped by Dylan Garand with a rebound.
6:59 of 3rd period - Snap shot by Gage Goncalves.
6:59 of 3rd period - Stopped by Dylan Garand with a rebound.
7:01 of 3rd period - Wrist shot by Gage Goncalves.
7:01 of 3rd period - Stopped by Dylan Garand with a rebound.
7:03 of 3rd period - Slapshot by Jack Thompson.
7:03 of 3rd period - Shot Blocked by Brandon Scanlin.
7:05 of 3rd period - Snap shot by Gage Goncalves.
7:05 of 3rd period - Stopped by Dylan Garand with a rebound.
7:07 of 3rd period - Wrist shot by Gage Goncalves.
7:07 of 3rd period - Stopped by Dylan Garand with a rebound.
8:00 of 3rd period - Jake Massie is hit by Braden Schneider and loses puck.
9:04 of 3rd period - Slapshot by Mac Hollowell.
9:04 of 3rd period - Stopped by Hugo Alnefelt without a rebound.
9:05 of 3rd period - Alex Barre-Boulet wins face-off versus Bobby Trivigno in Syracuse Crunch zone.
9:05 of 3rd period - Alex Barre-Boulet is hit by Anton Blidh.
9:44 of 3rd period - Wrist shot by Gabriel Fortier.
9:44 of 3rd period - Shot Misses the Net.
9:46 of 3rd period - Wrist shot by Mitchell Chaffee.
9:46 of 3rd period - Stopped by Dylan Garand with a rebound.
9:48 of 3rd period - Slapshot by Brenden Miller.
9:48 of 3rd period - Shot Misses the Net.
9:50 of 3rd period - Slapshot by Brenden Miller.
9:50 of 3rd period - Shot Misses the Net.
9:52 of 3rd period - Slapshot by Brenden Miller.
9:52 of 3rd period - Stopped by Dylan Garand without a rebound.
9:53 of 3rd period - Bobby Trivigno wins face-off versus Lucas Edmonds in Hartford Wolf Pack zone.
10:01 of 3rd period - Minor Penalty to Alex Barre-Boulet for Cross-checking.
10:02 of 3rd period - Jake Leschyshyn wins face-off versus Ilya Usau in Syracuse Crunch zone.
10:18 of 3rd period - Slapshot by Mac Hollowell.
10:18 of 3rd period - Shot Blocked by Sean Day.
10:34 of 3rd period - Slapshot by Jake Leschyshyn.
10:34 of 3rd period - Goal by Jake Leschyshyn - Syracuse Crunch : 4 - Hartford Wolf Pack : 9.
10:35 of 3rd period - Alex Barre-Boulet wins face-off versus Adam Sykora in neutral zone.
10:38 of 3rd period - Braden Schneider is hit by Declan Carlile and loses puck.
11:06 of 3rd period - Slapshot by Jack Thompson.
11:06 of 3rd period - Stopped by Dylan Garand without a rebound.
11:07 of 3rd period - Karl Henriksson wins face-off versus Logan Brown in Hartford Wolf Pack zone.
11:27 of 3rd period - Snap shot by Turner Elson.
11:27 of 3rd period - Shot Misses the Net.
11:29 of 3rd period - Wrist shot by Karl Henriksson.
11:29 of 3rd period - Stopped by Hugo Alnefelt without a rebound.
11:30 of 3rd period - Jake Leschyshyn wins face-off versus Cole Koepke in Syracuse Crunch zone.
11:41 of 3rd period - Snap shot by Will Cuylle.
11:41 of 3rd period - Stopped by Hugo Alnefelt with a rebound.
12:04 of 3rd period - Snap shot by Cole Koepke.
12:04 of 3rd period - Stopped by Dylan Garand without a rebound.
12:05 of 3rd period - Logan Brown wins face-off versus Jake Leschyshyn in Hartford Wolf Pack zone.
12:06 of 3rd period - Wrist shot by Gabriel Fortier.
12:06 of 3rd period - Shot Hit the Post.
12:14 of 3rd period - Snap shot by Riley Nash.
12:14 of 3rd period - Shot Blocked by Jack Thompson.
12:16 of 3rd period - Slapshot by Braden Schneider.
12:16 of 3rd period - Stopped by Hugo Alnefelt with a rebound.
12:18 of 3rd period - Slapshot by Braden Schneider.
12:18 of 3rd period - Shot Misses the Net.
12:20 of 3rd period - Wrist shot by Riley Nash.
12:20 of 3rd period - Shot Misses the Net.
12:30 of 3rd period - Logan Brown is hit by Mac Hollowell.
13:00 of 3rd period - Snap shot by Bobby Trivigno.
13:00 of 3rd period - Shot Misses the Net.
13:02 of 3rd period - Snap shot by Adam Sykora.
13:02 of 3rd period - Shot Misses the Net.
13:42 of 3rd period - Snap shot by Turner Elson.
13:42 of 3rd period - Shot Blocked by Jack Thompson.
13:44 of 3rd period - Snap shot by Turner Elson.
13:44 of 3rd period - Stopped by Hugo Alnefelt with a rebound.
13:46 of 3rd period - Snap shot by Turner Elson.
13:46 of 3rd period - Shot Blocked by Jack Thompson.
13:48 of 3rd period - Slapshot by Ryan Jones.
13:48 of 3rd period - Deflect By Turner Elson.
13:48 of 3rd period - Deflect By Lucas Edmonds.
13:48 of 3rd period - Shot Misses the Net.
13:48 of 3rd period - Puck is out of play.
13:49 of 3rd period - Karl Henriksson wins face-off versus Alex Barre-Boulet in Syracuse Crunch zone.
14:16 of 3rd period - Mac Hollowell is hit by Gage Goncalves and loses puck.
14:33 of 3rd period - Wrist shot by Riley Nash.
14:33 of 3rd period - Stopped by Hugo Alnefelt with a rebound.
14:35 of 3rd period - Slapshot by Brandon Scanlin.
14:35 of 3rd period - Shot Blocked by Cole Koepke.
14:37 of 3rd period - Slapshot by Will Cuylle.
14:37 of 3rd period - Deflect By Alex Barre-Boulet.
14:37 of 3rd period - Stopped by Hugo Alnefelt without a rebound.
14:38 of 3rd period - Logan Brown wins face-off versus Jake Leschyshyn in Syracuse Crunch zone.
14:38 of 3rd period - Logan Brown is hit by Jake Leschyshyn.
15:02 of 3rd period - Alex Barre-Boulet is hit by Anton Blidh and loses puck.
15:19 of 3rd period - Wrist shot by Simon Ryfors.
15:19 of 3rd period - Stopped by Dylan Garand with a rebound.
15:21 of 3rd period - Wrist shot by Simon Ryfors.
15:21 of 3rd period - Shot Misses the Net.
15:47 of 3rd period - Brandon Scanlin is hit by Mitchell Chaffee and loses puck.
16:00 of 3rd period - Slapshot by Anton Blidh.
16:00 of 3rd period - Shot Misses the Net.
16:11 of 3rd period - Icing by Lucas Edmonds.
16:12 of 3rd period - Jake Leschyshyn wins face-off versus Simon Ryfors in Syracuse Crunch zone.
16:35 of 3rd period - Snap shot by Alex Barre-Boulet.
16:35 of 3rd period - Stopped by Dylan Garand with a rebound.
16:37 of 3rd period - Snap shot by Cole Koepke.
16:37 of 3rd period - Shot Misses the Net.
16:45 of 3rd period - Wrist shot by Cole Koepke.
16:45 of 3rd period - Deflect By Alex Barre-Boulet.
16:45 of 3rd period - Goal by Alex Barre-Boulet - Syracuse Crunch : 5 - Hartford Wolf Pack : 9.
16:46 of 3rd period - Jake Leschyshyn wins face-off versus Alex Barre-Boulet in neutral zone.
16:49 of 3rd period - Slapshot by Mac Hollowell.
16:49 of 3rd period - Stopped by Hugo Alnefelt without a rebound.
16:50 of 3rd period - Alex Barre-Boulet wins face-off versus Jake Leschyshyn in Syracuse Crunch zone.
17:06 of 3rd period - Icing by Will Cuylle.
17:07 of 3rd period - Jake Leschyshyn wins face-off versus Logan Brown in Hartford Wolf Pack zone.
17:07 of 3rd period - Jake Leschyshyn is hit by Sean Day.
17:17 of 3rd period - Snap shot by Logan Brown.
17:17 of 3rd period - Deflect By Mitchell Chaffee.
17:17 of 3rd period - Shot Misses the Net.
17:17 of 3rd period - Puck is out of play.
17:18 of 3rd period - Gage Goncalves wins face-off versus Jake Leschyshyn in Hartford Wolf Pack zone.
17:29 of 3rd period - Slapshot by Gage Goncalves.
17:29 of 3rd period - Shot Blocked by Jake Leschyshyn.
17:31 of 3rd period - Wrist shot by Gage Goncalves.
17:31 of 3rd period - Stopped by Dylan Garand without a rebound.
17:32 of 3rd period - Alex Barre-Boulet wins face-off versus Jake Leschyshyn in Hartford Wolf Pack zone.
17:43 of 3rd period - Slapshot by Mac Hollowell.
17:43 of 3rd period - Shot Blocked by Alex Barre-Boulet.
17:45 of 3rd period - Slapshot by Braden Schneider.
17:45 of 3rd period - Deflect By Will Cuylle.
17:45 of 3rd period - Shot Blocked by Lucas Edmonds.
17:45 of 3rd period - Puck is out of play.
17:46 of 3rd period - Jake Leschyshyn wins face-off versus Gage Goncalves in Syracuse Crunch zone.
18:11 of 3rd period - Braden Schneider is hit by Alex Barre-Boulet and loses puck.
18:20 of 3rd period - Wrist shot by Adam Sykora.
18:20 of 3rd period - Stopped by Hugo Alnefelt with a rebound.
19:07 of 3rd period - Gabriel Fortier is hit by Anton Blidh and loses puck.
Goals for this period are 3 for Syracuse Crunch vs 2 for Hartford Wolf Pack.
Shots for this period are 16 for Syracuse Crunch vs 14 for Hartford Wolf Pack.